Map: Oxide LE

Players

TeebuL - Winner!

  • Race: Protoss Protoss

MeomaikA

  • Race: Zerg Zerg

Event: DreamHack SC2 Masters 2021 Fall

VOD

Have the link to the VOD?

Description

Time

  • Played on: July 30, 2021, 6:05 a.m.
  • Length: 10:39

All games in this series

Show
View Real Time Build Order
Export as new Build Order

TeebuL Protoss - Winner!

Build Orders: Oracle Opening 

Get SALT Encoding   

  12  0:00  Probe  
  13  0:12  Probe  
  14  0:19  Pylon  
  14  0:25  Probe (Chrono Boost)  
  15  0:38  Gateway, Probe (Chrono Boost)  
  16  0:45  Probe (Chrono Boost)  
  16  0:49  Assimilator  
  17  0:52  Probe  
  18  1:04  Probe  
  19  1:16  Probe  
  20  1:23  Gateway  
  20  1:26  Cybernetics Core  
  20  1:31  Pylon  
  20  1:34  Probe  
  20  1:36  Pylon  
  20  1:37  Zealot (Chrono Boost)  
  22  1:47  Probe  
  23  2:01  Adept (Chrono Boost)  
  25  2:05  Probe  
  28  2:16  Adept (Chrono Boost)  
  28  2:22  Nexus  
  28  2:23  Probe  
  29  2:30  Assimilator  
  29  2:35  Probe  
  30  2:43  Stargate  
  30  2:48  Probe  
  30  2:51  Pylon  
  31  3:03  Warp Gate  
  31  3:09  Probe  
  30  3:21  Probe (Chrono Boost)  
  31  3:29  Oracle  
  31  3:32  Probe (Chrono Boost)  
  36  3:36  Adept, Probe (Chrono Boost)  
  36  3:39  Adept  
  41  3:43  Probe x2 (Chrono Boost)  
  41  3:48  Probe (Chrono Boost)  
  42  3:51  Probe  
  44  3:58  Assimilator  
  44  4:00  Assimilator, Void Ray (Chrono Boost), Probe  
  45  4:03  Probe  
  45  4:04  Pylon  
  50  4:12  Probe  
  50  4:15  Probe  
  52  4:24  Probe  
  52  4:27  Probe  
  52  4:28  Pylon  
  54  4:36  Probe (Chrono Boost)  
  55  4:39  Stargate  
  55  4:43  Probe (Chrono Boost)  
  56  4:48  Probe (Chrono Boost)  
  58  4:54  Pylon, Probe x2 (Chrono Boost)  
  58  4:57  Nexus  
  59  5:02  Probe  
  59  5:03  Probe  
  65  5:15  Void Ray (Chrono Boost), Probe x2  
  65  5:16  Void Ray (Chrono Boost)  
  65  5:20  Forge  
  67  5:27  Probe  
  72  5:28  Probe  
  72  5:30  Protoss Air Weapons Level 1  
  73  5:39  Probe  
  73  5:40  Probe  
  73  5:42  Void Ray (Chrono Boost)  
  71  5:51  Probe  
  71  5:52  Probe  
  71  5:53  Pylon x2  
  77  6:03  Void Ray (Chrono Boost), Probe  
  78  6:09  Probe x2  
  78  6:10  Adept x2  
  88  6:12  Void Ray (Chrono Boost)  
  88  6:15  Probe  
  91  6:21  Probe x2  
  91  6:25  Photon Cannon  
  85  6:27  Probe  
  85  6:33  Probe  
  85  6:34  Probe  
  85  6:38  Shield Battery  
  85  6:39  Probe  
  88  6:45  Probe  
  88  6:46  Probe  
  88  6:47  Shield Battery  
  94  6:51  Phoenix x2, Probe  
  94  6:53  Photon Cannon  
  95  6:57  Probe  
  95  6:58  Probe  
  97  7:03  Probe  
  97  7:05  Assimilator  
  97  7:06  Zealot x2  
  97  7:07  Assimilator  
  102  7:09  Probe  
  97  7:15  Probe  
  97  7:16  Phoenix (Chrono Boost)  
  97  7:19  Phoenix (Chrono Boost)  
  101  7:24  Stargate  
  101  7:26  Stargate  
  101  7:35  Probe  
  100  7:39  Probe  
  102  7:44  Probe  
  102  7:46  Fleet Beacon, Photon Cannon  
  102  7:49  Photon Cannon  
  102  7:53  Void Ray x2  
  98  8:02  Void Ray  
  98  8:04  Twilight Council  
  108  8:22  Gateway  
  108  8:24  Gateway  
  108  8:27  Gateway  
  108  8:28  Gateway  
  108  8:29  Gateway  
  108  8:35  Protoss Ground Weapons Level 1 (Chrono Boost)  
  108  8:37  Blink (Chrono Boost)  
  108  8:47  Pylon x2  
  108  8:49  Pylon  
  100  9:08  Stalker x2  
  96  9:11  Pylon  
  96  9:13  Pylon x2  
  85  9:18  Stalker  
  85  9:21  Photon Cannon  
  85  9:22  Stalker x2  
  87  9:24  Stalker x2  
  87  9:26  Nexus  
  87  9:31  Gateway  
  87  9:34  Gateway, Stalker x2  
  87  9:37  Pylon  
  87  9:42  Stalker  
  87  9:45  Stalker x2  
  93  9:49  Stalker x2  
  97  9:59  Stalker x2  
  101  10:06  Stalker  
  102  10:09  Stalker x2  
  102  10:13  Pylon  
  106  10:15  Pylon  
  106  10:17  Stalker x2  
Show
View Real Time Build Order
Export as new Build Order

MeomaikA Zerg 

Build Orders: Pool First 

Get SALT Encoding   

  12  0:18  Spawning Pool  
  11  0:22  Drone  
  11  0:26  Drone  
  13  0:30  Drone  
  14  0:39  Overlord  
  14  1:04  Queen, Zergling x4  
  14  1:05  Zergling x2  
  19  1:15  Zergling x2  
  20  1:26  Zergling x2  
  21  1:39  Hatchery  
  20  1:41  Overlord  
  20  1:48  Drone  
  21  1:59  Queen, Drone  
  24  2:11  Drone x2  
  26  2:16  Drone  
  26  2:18  Drone  
  26  2:21  Extractor, Drone  
  28  2:32  Drone  
  29  2:43  Drone  
  30  2:51  Drone  
  30  2:52  Drone x3  
  30  2:56  Drone  
  35  3:03  Drone  
  35  3:17  Overlord  
  35  3:19  Overlord  
  35  3:26  Spore Crawler, Drone, Overlord  
  35  3:32  Hatchery  
  35  3:33  Spore Crawler, Drone  
  34  3:39  Drone  
  34  3:40  Drone x2  
  37  3:43  Drone  
  37  3:46  Drone  
  39  3:48  Drone  
  39  3:52  Drone x2  
  39  3:54  Drone  
  43  3:56  Drone  
  44  4:03  Lair  
  44  4:04  Drone  
  44  4:06  Drone  
  46  4:10  Drone x2  
  46  4:14  Extractor, Drone  
  46  4:15  Extractor, Drone  
  48  4:20  Queen  
  48  4:23  Drone  
  52  4:24  Drone  
  52  4:26  Extractor  
  50  4:33  Metabolic Boost  
  50  4:34  Drone x2  
  50  4:35  Drone  
  53  4:39  Drone x2  
  53  4:42  Drone x2  
  57  4:51  Overlord x2  
  57  4:57  Overlord  
  57  5:01  Spire  
  57  5:06  Drone  
  57  5:07  Drone x2  
  57  5:08  Spore Crawler  
  57  5:09  Drone x2  
  57  5:11  Drone  
  57  5:12  Drone  
  59  5:15  Drone  
  59  5:17  Drone  
  59  5:18  Drone  
  59  5:19  Drone  
  62  5:24  Overlord  
  62  5:25  Drone x2  
  62  5:28  Zergling x2  
  65  5:31  Zergling x2, Extractor x2  
  65  5:33  Zergling x2  
  65  5:34  Zergling x2  
  65  5:35  Zergling x2  
  65  5:39  Zergling x4  
  65  5:42  Zergling x2  
  65  5:48  Overseer  
  63  5:51  Drone x4  
  63  5:52  Drone  
  63  5:53  Drone  
  69  6:03  Drone x3  
  72  6:04  Drone x3  
  72  6:08  Drone  
  76  6:17  Drone x5  
  77  6:21  Zerg Flyer Weapons Level 1  
  72  6:31  Zergling x14  
  78  6:39  Overlord x2  
  78  6:42  Overlord  
  78  6:48  Hatchery  
  77  6:54  Corruptor x2  
  77  6:57  Corruptor  
  77  6:58  Corruptor x2  
  85  7:02  Corruptor  
  85  7:08  Corruptor  
  85  7:09  Zergling x2  
  85  7:10  Zergling x2  
  85  7:11  Zergling x4  
  85  7:12  Zergling x2  
  85  7:15  Drone  
  91  7:18  Corruptor  
  91  7:19  Zergling x2  
  84  7:23  Zergling x4  
  84  7:26  Zergling x2  
  84  7:29  Zergling x2  
  84  7:32  Zergling x4  
  81  7:38  Corruptor  
  81  7:43  Corruptor  
  85  7:52  Corruptor  
  85  7:55  Corruptor  
  85  7:59  Corruptor  
  85  8:02  Drone  
  85  8:05  Drone x2  
  89  8:22  Corruptor x4  
  89  8:24  Corruptor  
  97  8:40  Overlord x2  
  97  8:41  Overlord  
  97  8:44  Overlord  
  97  8:55  Corruptor  
  95  8:56  Corruptor, Hatchery  
  96  9:04  Corruptor x3  
  96  9:05  Corruptor  
  91  9:17  Corruptor x2  
  91  9:22  Corruptor  
  91  9:23  Drone  
  92  9:24  Drone  
  92  9:26  Drone  
  92  9:27  Drone  
  92  9:29  Drone  
  92  9:30  Drone  
  91  9:32  Drone  
  91  9:34  Drone x2  
  90  9:44  Extractor, Corruptor x2  
  93  9:48  Corruptor  
  93  9:50  Corruptor  
  97  10:02  Drone x4  

Tags
 
Add a new tag
Caveats
  • Supply blocks, unpowered buildings, or Contaminate may cause inaccurate times.
  • Supply counts are checked every 10 seconds.